 Dungeon Crawl Stone Soup version 0.24.0-13-gcf9b3192b9 (webtiles) character file.

Game seed: 14577612616041138760, levelgen mode: deterministic

1902452 FrothyCoffee the Slayer (level 27, 271/271 HPs)
             Began as a Minotaur Berserker on Nov 8, 2019.
             Was a High Priest of Trog.
             Escaped with the Orb
             ... and 3 runes on Nov 9, 2019!
             The game lasted 06:28:21 (55918 turns).

FrothyCoffee the Slayer (Minotaur Berserker)       Turns: 55918, Time: 06:28:21

Health: 271/271    AC: 38    Str: 27      XL:     27
Magic:  9/9        EV: 15    Int:  3 (5)  God:    Trog [*****.]
Gold:   4217       SH: 43    Dex: 13      Spells: 26/26 levels left

rFire    + + .     SeeInvis +   a - +9 broad axe (antimagic)
rCold    + . .     Gourm    .   g - +10 large shield of Ignorance {rN+ Int-4}
rNeg     + + .     Faith    .   w - +2 gold dragon scales
rPois    +         Spirit   .   f - +2 hat
rElec    +         Reflect  +   T - +2 cloak {rPois}
rCorr    .         Harm     .   F - +2 pair of gloves
MR       ++...                  O - +2 pair of boots of Imperfection {rElec rPois Regen+ SInv}
Stlth    ..........             J - +6 amulet of reflection
HPRegen  0.95/turn              Q - ring of protection from fire
MPRegen  0.11/turn              D - ring of positive energy

@: no status effects
A: retaliatory headbutt, horns 2, clever 1, clumsy 1
0: Orb of Zot
}: 3/15 runes: serpentine, barnacled, abyssal
a: Berserk, Trog's Hand, Brothers in Arms, Renounce Religion


You escaped.
You worshipped Trog.
Trog was extremely pleased with you.
You were not hungry.

You visited 9 branches of the dungeon, and saw 48 of its levels.
You visited the Abyss 1 time.
You also visited: Ice Cave.

You collected 6430 gold pieces.
You spent 2213 gold pieces at shops.

Inventory:

Hand Weapons
 a - a +9 antimagic broad axe (weapon)
 b - a +9 broad axe of flaming
Missiles
 m - 4 silver boomerangs (quivered)
 E - 18 curare-tipped darts
 R - 5 throwing nets
 S - 39 atropa-tipped darts
 Y - 16 boomerangs of dispersal
Armour
 f - a +2 hat (worn)
 g - the +10 large shield of Ignorance (worn) {rN+ Int-4}
   (You took it off Louise on level 1 of the Shoals)

   It affects your intelligence (-4).
   It protects you from negative energy.
 p - a +5 shield of reflection
 w - +2 gold dragon scales (worn)
 F - a +2 pair of gloves (worn)
 O - the +2 pair of boots of Imperfection (worn) {rElec rPois Regen+ SInv}
   (You acquired it on level 13 of the Dungeon)

   It insulates you from electricity.
   It protects you from poison.
   It lets you see invisible.
   It increases your rate of regeneration.
 T - a +2 cloak of poison resistance (worn)
Jewellery
 x - a +4 ring of slaying
 C - an uncursed ring of resist corrosion
 D - a ring of positive energy (right hand)
 J - a +6 amulet of reflection (around neck)
 Q - a ring of protection from fire (left hand)
 V - an uncursed ring of protection from cold
 W - an uncursed ring of protection from fire
Wands
 j - a wand of clouds (4)
 o - a wand of paralysis (44)
 y - a wand of disintegration (52)
 A - a wand of acid (4)
 B - a wand of digging (14)
 X - a wand of iceblast (54)
Scrolls
 d - a scroll of summoning
 i - 6 scrolls of fog
 k - 24 scrolls of remove curse
 r - 7 scrolls of identify
 t - 20 scrolls of teleportation
 z - 10 scrolls of blinking
 U - 13 scrolls of magic mapping
 Z - 11 scrolls of fear
Potions
 h - 2 potions of cancellation
 l - 7 potions of curing
 n - 6 potions of brilliance
 q - 6 potions of might
 s - 3 potions of mutation
 u - 3 potions of agility
 K - 4 potions of heal wounds
 L - 5 potions of invisibility
 N - 4 potions of flight
 P - 4 potions of resistance
Miscellaneous
 G - a phial of floods
 H - a fan of gales (inert)
 I - a lamp of fire
 M - 2 sacks of spiders
Comestibles
 c - 66 rations


   Skills:
 * Level 26.7 Fighting
 - Level 24.2 Axes
 - Level 5.1 Throwing
 + Level 20.0 Armour
 + Level 18.6 Dodging
 + Level 26.4 Shields
 - Level 10.0 Evocations


You had 26 spell levels left.
You didn't know any spells.
Your spell library was empty.

Dungeon Overview and Level Annotations

Branches:
Dungeon (15/15)            Temple (0/1) D:5            Lair (6/6) D:8
 Shoals (4/4) Lair:3        Snake (4/4) Lair:3        Slime (0/5) Lair:6
    Orc (2/2) D:12            Elf (3/3) Orc:2        Vaults (4/5) D:14
  Crypt (0/3) Vaults:3     Depths (5/5) D:15            Zot (5/5) Depths:5
  IceCv (visited)

Altars:
Cheibriados
Dithmenos
Elyvilon
Fedhas
Gozag
Makhleb
Okawaru
Sif Muna
Vehumet
Wu Jian
Xom
Beogh
Lugonu

Shops:
D:5 *(?!?   Orc:1 [   Orc:2 %}?:}   Elf:1 [   Shoals:1 :   Vaults:1 ?
Vaults:2 *   Depths:1 [   Depths:2 }==

Portals:
Hell: Lair:6 Depths:1 Depths:2 Depths:3 Depths:4 Depths:5
Abyss: Depths:4 Depths:5
Pandemonium: Depths:3 Depths:4
Ziggurat: Depths:4
Trove: D:15 (give 8 potions of agility)

Annotations:
D:6 exclusion: downstairs
Lair:4 exclusion: oklob plant
Shoals:2 Roxanne
Elf:2 exclusion: 3 doors
Depths:5 2 runed translucent doors, Qanet's ghost, adept TrMo


Innate Abilities, Weirdness & Mutations

You reflexively headbutt those who attack you in melee.
You have a pair of horns on your head.
Your mind is acute. (Int +2)
You are clumsy. (Dex -2)


Message History

The rock shatters into small pieces.
Evoke which item? (* to show all) (? for menu, Esc to quit)
Aiming: Dig
Press: ? - help, Shift-Dir - straight line A rock wall.
This square is covered in magical glow.
The rock shatters into small pieces.
Evoke which item? (* to show all) (? for menu, Esc to quit)
Aiming: Dig
Press: ? - help, Shift-Dir - straight line A rock wall.
This square is covered in magical glow.
The rock shatters into small pieces.
You see here a +0 dagger.
You enter the shallow water.
Moving in this stuff is going to be slow.
Why would you want to do that? Why would you want to do that?
There is a staircase leading out of the dungeon here.
You have escaped!

#######
##.....##
#.#####.##
###.8≈8≈8..#
#...≈≈≈≈≈.@#
#)#.8≈8≈8..#
#.#.#####.##
#.##.....##
#######.########
........#
####.#### ##.##
##.##


There were no monsters in sight!

Vanquished Creatures
  2 orbs of fire (Zot:5)
  5 ancient liches
  Mara (Vaults:2)
  A juggernaut (Depths:2)
  A pandemonium lord (D:4)
  3 Killer Klowns
  A curse toe (Zot:3)
  8 golden dragons
  Nikola (Elf:2)
  A bone dragon (Abyss:2)
  An electric golem (Zot:5)
  A lich (Abyss:2)
  A hellephant (Abyss:2)
  Rupert (D:15)
  An Ice Fiend (IceCv)
  A Hell Sentinel (D:7)
  Jorgrun (D:14)
  15 tentacled monstrosities
  22 Orb Guardians
  2 deep elf blademasters (Elf:3)
  3 quicksilver dragons
  5 sphinxes
  Agnes (Snake:1)
  5 death cobs
  Polyphemus (Shoals:3)
  3 tentacled starspawn
  9 shadow dragons
  2 krakens
  7 tengu reavers
  16 storm dragons
  Kirke (D:15)
  2 draconian monks
  6 nagarajas
  8 fire giants
  Donald (Orc:2)
  4 deep elf sorcerers
  A balrug (Abyss:3)
  6 frost giants
  2 ghost moths
  3 draconian knights
  2 iron dragons (Depths:4)
  6 draconian shifters
  4 draconian scorchers
  Aizul (Depths:1)
  11 vault wardens
  Louise (Shoals:1)
  The ghost of bl3nd3r the Executioner, a journeyman MiBe of Trog (Orc:2)
  14 ironheart preservers
  4 deep elf elementalists (Elf:3)
  A draconian stormcaller (Zot:4)
  3 spriggan defenders
  20 stone giants
  An entropy weaver (shapeshifter) (Vaults:4)
  16 very ugly things
  A war gargoyle (Vaults:4)
  3 vampire knights
  6 deep elf demonologists
  5 green draconians
  8 deep elf annihilators
  10 purple draconians
  7 black draconians
  8 white draconians
  A dire elephant (D:15)
  5 yellow draconians
  6 red draconians
  2 spark wasps (Depths:4)
  Snorg (Orc:1)
  18 large abominations
  14 small abominations
  7 deep elf death magi
  8 merfolk impalers
  8 ettins
  Josephine (D:15)
  6 merfolk javelineers
  8 great orbs of eyes
  15 fire dragons
  2 crystal guardians (Abyss:3)
  4 deep elf high priests
  13 ice dragons
  3 great orbs of eyes (shapeshifter) (Abyss:3)
  Harold (D:9)
  12 yaktaur captains
  A catoblepas (Shoals:3)
  A hell beast (D:14)
  5 anacondas
  11 vault guards
  4 spriggan air magi
  Erolcha (D:9)
  10 naga warriors
  2 rakshasas
  2 merfolk avatars (Shoals:3)
  8 hydras
  6 merfolk aquamancers
  2 death knights
  8 ogre magi
  7 centaur warriors
  27 two-headed ogres
  3 satyrs
  14 tengu warriors
  3 hell hogs (Abyss:2)
  9 dancing weapons
  5 deep troll earth magi
  A vampire mage (Depths:1)
  9 deep troll shamans
  6 thrashing horrors
  Urug (Lair:6)
  5 spriggan berserkers
  5 death yaks
  3 orc high priests (Orc:2)
  5 hell knights
  6 shock serpents
  14 naga sharpshooters
  Sonja (D:10)
  11 deep elf knights
  2 salamander mystics
  A sixfirhy (Abyss:3)
  5 wretched stars
  3 skeletal warriors (D:15)
  3 iron trolls
  A fire crab (shapeshifter) (Vaults:2)
  A spatial maelstrom (Abyss:1)
  19 deep trolls
  A shadow wraith (Vaults:4)
  A glowing orange brain (Depths:4)
  4 flayed ghosts
  10 unseen horrors
  A gelid demonspawn (Depths:4)
  14 sea snakes
  A torturous demonspawn (Depths:4)
  12 naga ritualists
  17 starcursed masses
  A golden dragon skeleton (Vaults:4)
  7 wizards
  A lindwurm (Lair:6)
  2 phantasmal warriors (Depths:4)
  17 deep elf archers
  13 ironbrand convokers
  17 orc knights
  14 harpies
  11 manticores
  6 necromancers
  65 deep elf magi
  6 orc sorcerers
  2 frost giant zombies (Depths:2)
  8 mana vipers
  2 wolf spiders
  6 cyclopes
  45 ugly things
  8 fauns
  A sphinx skeleton (Vaults:4)
  A moth of wrath (shapeshifter) (D:15)
  17 salamanders
  16 moths of wrath
  An iron dragon skeleton (Depths:2)
  36 black mambas
  A black mamba (shapeshifter) (Depths:1)
  An elephant (Lair:6)
  Maurice (Orc:2)
  A rust devil (Abyss:1)
  4 water nymphs
  21 naga magi
  A frost giant skeleton (Vaults:1)
  2 ice statues (IceCv)
  3 guardian serpents (shapeshifter)
  8 merfolk sirens
  A fire giant skeleton (Vaults:4)
  The ghost of stickyfingers the Cleaver, a novice HOGl (D:5)
  A toenail golem (Depths:1)
  A centaur zombie (D:15)
  A torpor snail (shapeshifter) (Depths:1)
  3 orange demons (Lair:6)
  7 spiny frogs
  17 vault sentinels
  5 centaur skeletons
  A torpor snail (Lair:6)
  2 gargoyles
  4 smoke demons
  2 hellions
  3 kobold demonologists (Abyss:2)
  44 yaktaurs
  2 freezing wraiths
  9 komodo dragons
  A yaktaur (shapeshifter) (Abyss:3)
  3 golden dragon simulacra
  10 ice devils
  An anaconda simulacrum (IceCv)
  2 efreet
  3 hellwings
  2 rime drakes
  A spriggan skeleton (Depths:2)
  7 trolls
  4 tengu conjurers
  18 merfolk
  7 wind drakes
  A meliai (shapeshifter) (D:14)
  4 ancient zymes
  3 polar bears
  23 slime creatures
  20 raiju
  2 shadow dragon simulacra
  10 hornets
  14 blink frogs
  8 snapping turtles
  11 hippogriffs
  11 dream sheep
  An ettin zombie (Vaults:4)
  4 air elementals
  A flying skull (Abyss:1)
  A centaur simulacrum (D:12)
  6 spriggans
  A vampire (Abyss:3)
  10 ynoxinuls
  12 water elementals
  A tarantella (shapeshifter) (Vaults:3)
  3 wraiths
  2 wyverns (Lair:4)
  4 basilisks
  A golden eye (shapeshifter) (Depths:4)
  34 yaks
  4 neqoxecs
  4 fire elementals
  6 hogs (D:15)
  6 fire bats (Depths:2)
  A steam dragon (D:13)
  A hog (shapeshifter) (Depths:2)
  9 humans (D:14)
  A hungry ghost (D:7)
  A yaktaur simulacrum (Vaults:4)
  A warg (Vaults:2)
  A chaos spawn (Abyss:3)
  7 insubstantial wisps (Abyss:2)
  A harpy simulacrum (IceCv)
  A soldier ant (D:7)
  3 iron troll simulacra (IceCv)
  A deep troll zombie (Vaults:1)
  3 hell hounds (Lair:6)
  3 hydra simulacra (IceCv)
  52 nagas
  An acid dragon (D:14)
  10 water moccasins
  A floating eye (Depths:2)
  2 black bears
  5 porcupines
  3 eyes of draining
  A sky beast (D:5)
  3 ice beasts
  2 necrophages
  42 orc warriors
  3 phantoms
  39 ogres
  An eye of draining (shapeshifter) (Vaults:3)
  10 wolves
  20 centaurs
  13 crocodiles
  4 big kobolds
  2 human zombies (Vaults:1)
  15 bullfrogs
  5 gnoll sergeants (D:12)
  3 earth elementals
  A wyvern zombie (D:9)
  3 scorpions
  12 killer bees (D:7)
  A howler monkey (shapeshifter) (Depths:2)
  8 crimson imps
  3 bullfrog zombies
  2 howler monkeys (D:14)
  3 lava snakes (Snake:3)
  A human simulacrum (Vaults:1)
  A quasit (Abyss:2)
  20 orc priests
  5 hounds
  2 iron imps
  5 jellies
  2 bullfrog skeletons
  2 iguanas
  14 orc wizards
  13 worker ants
  A worker ant (shapeshifter) (Depths:4)
  A bullfrog simulacrum (D:12)
  A hound skeleton (D:10)
  2 hound zombies (D:5)
  11 gnolls
  13 adders
  2 shadow imps
  3 white imps
  3 ufetubi
  An adder zombie (D:5)
  An adder skeleton (D:4)
  3 worms
  A dart slug (D:1)
  A leopard gecko (D:1)
  93 orcs
  4 ball pythons
  6 bats
  4 giant cockroaches
  7 goblins
  8 hobgoblins
  12 jackals
  3 quokkas
  5 frilled lizards
  12 kobolds
  2 leopard gecko zombies
  A quokka zombie (D:5)
  8 rats
  2 crawling corpses (Depths:4)
  A fungus (Lair:6)
  2 lurking horrors (Abyss:3)
  14 plants
  5 starspawn tentacles (Abyss:3)
  8 tentacles
2043 creatures vanquished.

Vanquished Creatures (collateral kills)
  2 ancient liches (Zot:5)
  An orb of fire (Zot:5)
  3 Orb Guardians (Zot:5)
  2 quicksilver dragons (Zot:5)
  A storm dragon (Zot:5)
  A very ugly thing (Depths:4)
  A stone giant (Depths:1)
  A deep elf annihilator (Depths:4)
  A black draconian (Zot:5)
  A dire elephant (Lair:6)
  An ettin (Depths:1)
  A deep elf death mage (Depths:4)
  A merfolk impaler (Shoals:4)
  A great orb of eyes (Depths:1)
  A hell beast (Lair:6)
  A rakshasa (Depths:1)
  2 tengu warriors (D:15)
  An orc high priest (Orc:2)
  2 deep troll earth magi
  A small abomination (Depths:4)
  A spriggan (Depths:4)
  An unseen horror (Abyss:3)
  4 deep trolls
  A naga ritualist (Snake:4)
  An orc knight (Orc:2)
  A deep elf mage (Depths:4)
  An orc sorcerer (Orc:2)
  An ugly thing (D:11)
  A manticore (D:15)
  A cyclops (D:15)
  A naga mage (Snake:4)
  A smoke demon (Abyss:3)
  A torpor snail (shapeshifter) (Depths:4)
  A yaktaur (Depths:4)
  An ice devil (Lair:6)
  A hornet (Depths:4)
  A merfolk (Shoals:4)
  2 wraiths (D:15)
  2 orc warriors (Orc:2)
  A howler monkey (D:14)
  2 orc wizards (Orc:2)
  2 orc priests (Orc:2)
55 creatures vanquished.

Vanquished Creatures (others)
  2 deep elf master archers (Elf:3)
  A vault warden (Vaults:2)
  2 stone giants
  A centaur warrior (Vaults:1)
  A satyr (Shoals:3)
  2 naga sharpshooters
  2 deep elf knights
  3 deep elf archers
  A necromancer (Vaults:4)
  A naga ritualist (Snake:3)
  An ugly thing (Depths:2)
  A cyclops (Vaults:2)
  A deep elf mage (Elf:1)
  6 fauns
  15 yaktaurs
  A human (D:15)
  A boggart (Vaults:1)
  3 centaurs
  An orc wizard (D:15)
  An adder skeleton (D:9)
  A crawling corpse (Depths:4)
  A fungus (Lair:6)
  A lurking horror (Abyss:2)
  8 plants (Depths:4)
  5 starspawn tentacles
  12 tentacles
75 creatures vanquished.

Grand Total: 2173 creatures vanquished

Notes
Turn   | Place    | Note
-------+----------+-------------------------------------------
     0 | D:1      | FrothyCoffee the Minotaur Berserker began the quest for the
                  | Orb.
     0 | D:1      | Reached XP level 1. HP: 19/19 MP: 0/0
   177 | D:1      | Reached XP level 2. HP: 22/27 MP: 1/1
   820 | D:2      | Reached XP level 3. HP: 27/33 MP: 2/2
  1125 | D:2      | Reached skill level 5 in Axes
  1482 | D:2      | Reached XP level 4. HP: 33/40 MP: 3/3
  1545 | D:2      | Reached ** piety under Trog
  1632 | D:2      | Found an opulent altar of Gozag.
  1635 | D:2      | Found an ornate altar of the Wu Jian Council.
  1955 | D:3      | Reached skill level 1 in Throwing
  2091 | D:3      | Found a shadowy altar of Dithmenos.
  2387 | D:3      | Reached XP level 5. HP: 40/46 MP: 4/4
  2827 | D:4      | Noticed an ogre
  2837 | D:3      | Killed an ogre
  2837 | D:3      | Reached XP level 6. HP: 46/55 MP: 5/5
  2969 | D:4      | Reached skill level 5 in Fighting
  3580 | D:5      | Entered Level 5 of the Dungeon
  3581 | D:5      | Noticed a sky beast
  3595 | D:5      | Killed a sky beast
  3595 | D:5      | Reached XP level 7. HP: 54/61 MP: 6/6
  3632 | D:5      | Found Betot's Magic Scroll Shop.
  3694 | D:5      | Bought a scroll of magic mapping for 42 gold pieces
  3760 | D:5      | Found a runed translucent gate.
  3762 | D:5      | Found a runed translucent gate.
  3763 | D:5      | Found a runed translucent gate.
  3763 | D:5      | Identified the +2 chain mail of Enof {rElec}
  3768 | D:5      | Noticed stickyfingers's ghost (novice HOGl)
  3773 | D:5      | Identified the +3 spear of the Hummingbird {venom, Int+6
                  | Dex+3 Stlth+}
  3773 | D:5      | Identified the +1 ring mail of Melancholy {Dex+2}
  3858 | D:5      | Reached skill level 5 in Armour
  3948 | D:5      | Found Ysuyr's Magic Scroll Emporium.
  3955 | D:5      | Bought 2 scrolls of blinking for 180 gold pieces
  4187 | D:5      | Found Kydd's Antique Weapon Boutique.
  4243 | D:5      | Found Tuigross's General Store.
  4346 | D:5      | Found Ronywn's Distillery.
  4501 | D:5      | Reached XP level 8. HP: 69/69 MP: 7/7
  4519 | D:5      | Reached skill level 5 in Dodging
  4700 | D:5      | Found a staircase to the Ecumenical Temple.
  4740 | D:5      | Found a roughly hewn altar of Beogh.
  5214 | D:6      | Reached *** piety under Trog
  6150 | D:7      | Reached XP level 9. HP: 53/78 MP: 8/8
  6368 | D:7      | Found a runed translucent door.
  6421 | D:7      | Noticed an eight-headed hydra
  7076 | D:7      | Killed an eight-headed hydra
  7138 | D:7      | Found a snail-covered altar of Cheibriados.
  7163 | D:7      | Received a gift from Trog
  7168 | D:7      | Found a shimmering blue altar of Sif Muna.
  7252 | D:7      | Identified the +6 battleaxe "Ymepyxt" {antimagic, rPois}
  7252 | D:7      | Identified the +6 shortbow of Catoig {freeze, *Drain +Fly
                  | rPois Int+6}
  7252 | D:7      | Identified the +6 chain mail of the Unbroken {-Cast MR++
                  | Regen+ Dex+4}
  7291 | D:7      | Found the +9 staff of Olgreb {rPois}
  7618 | D:7      | Noticed a deep elf mage
  7633 | D:7      | Killed a deep elf mage
  7633 | D:7      | Reached skill level 10 in Axes
  7633 | D:7      | Reached XP level 10. HP: 25/90 MP: 3/9
  8208 | D:7      | Found a snail-covered altar of Cheibriados.
  8237 | D:7      | Found a shimmering blue altar of Sif Muna.
  8769 | D:8      | Found a blossoming altar of Fedhas.
  8982 | D:8      | Found an iron altar of Okawaru.
  9087 | D:8      | Reached **** piety under Trog
  9104 | D:8      | Received a gift from Trog
  9151 | D:8      | Found a staircase to the Lair.
  9554 | D:9      | Reached skill level 10 in Fighting
  9772 | D:9      | Reached skill level 10 in Armour
  9915 | D:9      | Noticed Harold
  9919 | D:9      | Noticed a two-headed ogre
  9928 | D:9      | Killed Harold
  9930 | D:9      | Killed a two-headed ogre
  9930 | D:9      | Reached XP level 11. HP: 100/100 MP: 3/10
  9942 | D:9      | Noticed Erolcha
 10114 | D:9      | Killed Erolcha
 10440 | D:9      | Found a radiant altar of Vehumet.
 10632 | D:10     | Entered Level 10 of the Dungeon
 10786 | D:10     | Noticed Sonja
 10869 | D:10     | Killed Sonja
 10869 | D:10     | Reached skill level 10 in Dodging
 11752 | D:11     | Noticed a brown ugly thing
 11806 | Lair:1   | Entered Level 1 of the Lair of Beasts
 11872 | Lair:1   | You fall into a shaft and drop 1 floor!
 13081 | Lair:2   | You fall into a shaft and drop 1 floor!
 13153 | Lair:2   | Got a pitted leather armour
 13585 | Lair:3   | Reached XP level 12. HP: 111/111 MP: 3/11
 13646 | Lair:3   | Reached ***** piety under Trog
 13793 | Lair:3   | Found a staircase to the Shoals.
 13891 | Lair:3   | Found a staircase to the Snake Pit.
 14694 | Lair:4   | Found a white marble altar of Elyvilon.
 14875 | Lair:4   | Noticed an eight-headed hydra
 14888 | Lair:4   | Killed an eight-headed hydra
 15156 | Lair:5   | Identified the +3 leather armour of the Land of Plenty
                  | {*Slow rC++ rCorr Dex+4} (You found it on level 2 of the
                  | Lair of Beasts)
 15894 | Lair:6   | Entered Level 6 of the Lair of Beasts
 15908 | Lair:6   | Received a gift from Trog
 15999 | Lair:6   | Found a staircase to the Slime Pits.
 16012 | Lair:6   | Noticed a four-headed hydra
 16024 | Lair:6   | Killed a four-headed hydra
 16029 | Lair:6   | Reached XP level 13. HP: 63/121 MP: 4/12
 16420 | Lair:6   | Noticed Urug
 16433 | Lair:6   | Killed Urug
 16894 | Lair:6   | Noticed a dire elephant
 16903 | Lair:6   | Killed a dire elephant
 17024 | Lair:6   | Received a gift from Trog
 17456 | Lair:6   | Found a burning altar of Makhleb.
 17481 | Lair:6   | Found a gateway to Hell.
 17492 | Lair:6   | Got an iridescent dagger
 18095 | D:11     | Identified the +10 dagger "Upuq" {pierce, rPois Str+4} (You
                  | found it on level 6 of the Lair of Beasts)
 18562 | D:12     | Reached XP level 14. HP: 132/132 MP: 4/13
 18712 | D:12     | Reached skill level 15 in Axes
 18742 | D:12     | Got a warped ring mail
 18930 | D:12     | Found a staircase to the Orcish Mines.
 19330 | Orc:1    | Entered Level 1 of the Orcish Mines
 19350 | Orc:1    | Found Awyme's Armour Shoppe.
 19379 | Orc:1    | Bought a +1 cloak of poison resistance for 229 gold pieces
 19384 | Orc:1    | Identified the +1 ring mail "Rotau" {rN++ Int+3} (You found
                  | it on level 12 of the Dungeon)
 19571 | Orc:2    | Entered Level 2 of the Orcish Mines
 19571 | Orc:2    | Found a staircase to the Elven Halls.
 19571 | Orc:2    | Found Miha's Gadget Emporium.
 19595 | Orc:2    | Received a gift from Trog
 19886 | Orc:2    | Found a shimmering altar of Xom.
 19978 | Orc:2    | Noticed Maurice
 19994 | Orc:2    | Killed Maurice
 20243 | Orc:2    | Found a large runed translucent door.
 20248 | Orc:2    | Found a large runed translucent door.
 20457 | Orc:2    | Noticed bl3nd3r's ghost (journeyman MiBe)
 20480 | Orc:2    | Noticed Donald
 20489 | Orc:2    | Noticed Snorg
 20510 | Orc:2    | Killed Donald
 20569 | Orc:2    | Reached skill level 15 in Fighting
 20631 | Orc:1    | Killed Snorg
 20772 | Orc:2    | Found Gan Vimure's Book Shop.
 20776 | Orc:2    | Found Hatwiwke's Magic Scroll Emporium.
 20780 | Orc:2    | Found Micsal's Gadget Emporium.
 20784 | Orc:2    | Found Pihossa's Food Shop.
 21271 | D:5      | Killed stickyfingers's ghost
 21279 | D:5      | Reached skill level 1 in Shields
 21846 | D:13     | Received a gift from Trog
 22083 | D:13     | Identified a scroll of acquirement
 22086 | D:13     | Got a pair of steaming boots
 22096 | D:13     | Identified the +2 pair of boots of Imperfection {rElec
                  | rPois Regen+ SInv} (You acquired it on level 13 of the
                  | Dungeon)
 22650 | D:14     | Noticed Jorgrun
 22664 | D:14     | Killed Jorgrun
 22664 | D:14     | Reached skill level 5 in Shields
 22783 | D:14     | Reached XP level 15. HP: 123/140 MP: 4/14
 22821 | D:14     | Found a gate to the Vaults.
 23269 | D:15     | Entered Level 15 of the Dungeon
 23273 | D:15     | Noticed Josephine
 23334 | D:15     | Noticed Rupert
 23339 | D:15     | Killed Josephine
 23346 | D:15     | Killed Rupert
 23352 | D:15     | Received a gift from Trog
 23489 | D:15     | Noticed Kirke
 23498 | D:15     | Killed Kirke
 23655 | D:15     | Found a portal to a secret trove of treasure.
 23789 | D:15     | Found a white marble altar of Elyvilon.
 23847 | D:15     | Found a staircase to the Depths.
 24164 | Snake:1  | Entered Level 1 of the Snake Pit
 24170 | Snake:1  | Noticed Agnes
 24189 | Snake:1  | Killed Agnes
 24523 | Snake:1  | Reached skill level 10 in Shields
 24913 | Snake:1  | Received a gift from Trog
 24916 | Snake:1  | Got a fine war axe {god gift}
 24917 | Snake:1  | Identified the +8 war axe of Uncertain Death {venom, *Drain
                  | +Blink rElec Dex+6} (Trog gifted it to you on level 1 of
                  | the Snake Pit)
 25432 | Snake:2  | You fall into a shaft and drop 1 floor!
 25471 | Snake:2  | Noticed a nagaraja
 25492 | Snake:2  | Killed a nagaraja
 25492 | Snake:2  | Reached XP level 16. HP: 115/151 MP: 5/15
 25531 | Snake:2  | Found a frozen archway.
 25535 | IceCv    | Entered an ice cave
 25792 | IceCv    | Noticed an Ice Fiend
 25804 | IceCv    | Killed an Ice Fiend
 25841 | IceCv    | Got a flickering wooden ring
 25843 | IceCv    | Identified the ring "Itseutan" {-Tele +Inv MP+9 Str+7
                  | Slay-5} (You acquired it in an ice cave)
 26031 | Snake:2  | Got an ominously black robe
 26628 | Snake:3  | Received a gift from Trog
 27422 | Snake:4  | Entered Level 4 of the Snake Pit
 27831 | Snake:4  | Found an iron altar of Okawaru.
 28151 | Snake:4  | Received a gift from Trog
 28405 | Snake:4  | Reached XP level 17. HP: 149/163 MP: 16/16
 28412 | Snake:4  | Received a gift from Trog
 28563 | Snake:4  | Reached skill level 15 in Shields
 28627 | Snake:4  | Reached ****** piety under Trog
 28648 | Snake:4  | Got a serpentine rune of Zot
 28947 | Shoals:1 | Entered Level 1 of the Shoals
 29223 | Shoals:1 | Noticed Louise
 29252 | Shoals:1 | Killed Louise
 29252 | Shoals:1 | Reached skill level 15 in Armour
 29372 | Shoals:1 | Noticed a kraken
 29382 | Shoals:1 | Killed a kraken
 29382 | Shoals:1 | Received a gift from Trog
 29436 | Shoals:1 | Found Xociphec's Book Boutique.
 29844 | Shoals:2 | Identified Roxanne's Grimoire of Moulding
 29844 | Shoals:2 | Noticed Roxanne
 30365 | Shoals:3 | Noticed a kraken
 30397 | Shoals:3 | Killed a kraken
 30397 | Shoals:3 | Reached skill level 1 in Evocations
 30497 | Shoals:3 | Reached XP level 18. HP: 173/173 MP: 17/20
 30556 | Shoals:3 | Noticed Polyphemus
 30570 | Shoals:3 | Killed Polyphemus
 30573 | Shoals:3 | Reached skill level 5 in Evocations
 31145 | Shoals:4 | Entered Level 4 of the Shoals
 31149 | Shoals:4 | Reached skill level 5 in Throwing
 31149 | Shoals:4 | Reached XP level 19. HP: 181/181 MP: 22/22
 31297 | Shoals:4 | Got a barnacled rune of Zot
 31507 | Shoals:4 | Reached XP level 20. HP: 189/189 MP: 23/23
 32111 | Shoals:4 | Received a gift from Trog
 32435 | Depths:1 | Entered Level 1 of the Depths
 32543 | Depths:1 | Found Turumm's Antique Armour Shoppe.
 32646 | Depths:1 | Noticed Aizul
 32672 | Depths:1 | Killed Aizul
 32754 | Depths:1 | Received a gift from Trog
 34206 | Depths:2 | Noticed a juggernaut
 34231 | Depths:2 | Killed a juggernaut
 34274 | Depths:2 | Paralysed by a floating eye for 4 turns
 34281 | Depths:2 | Received a gift from Trog
 34285 | Depths:2 | Reached XP level 21. HP: 122/200 MP: 0/26
 34651 | Depths:2 | Found Vyutral's Jewellery Shop.
 34652 | Depths:2 | Found Vettuecu's Gadget Shoppe.
 34653 | Depths:2 | Found Foagy's Jewellery Shop.
 34673 | Depths:2 | Bought an uncursed ring of resist corrosion for 420 gold
                  | pieces
 34914 | Vaults:1 | Entered Level 1 of the Vaults
 35093 | Vaults:1 | Received a gift from Trog
 35203 | Vaults:1 | Found Meteludy's Magic Scroll Shoppe.
 35242 | Vaults:1 | Bought a scroll of enchant weapon for 127 gold pieces
 35242 | Vaults:1 | Bought a scroll of identify for 34 gold pieces
 35242 | Vaults:1 | Bought a scroll of fog for 34 gold pieces
 35242 | Vaults:1 | Bought a scroll of enchant weapon for 127 gold pieces
 35242 | Vaults:1 | Bought a scroll of magic mapping for 59 gold pieces
 35242 | Vaults:1 | Bought a scroll of teleportation for 51 gold pieces
 35284 | Vaults:1 | Received a gift from Trog
 36372 | Vaults:2 | Received a gift from Trog
 36501 | Vaults:2 | Found Xatrauck's General Store.
 36509 | Vaults:2 | Bought a scroll of fear for 52 gold pieces
 36509 | Vaults:2 | Bought a scroll of fog for 30 gold pieces
 36956 | Vaults:2 | Noticed Mara
 36966 | Vaults:2 | Noticed FrothyCoffee's illusion
 36982 | Vaults:2 | Killed Mara
 37168 | Vaults:2 | Received a gift from Trog
 37509 | Vaults:2 | Received a gift from Trog
 37760 | Vaults:2 | Reached skill level 10 in Evocations
 37910 | Vaults:3 | Reached XP level 22. HP: 211/211 MP: 9/28
 38450 | Vaults:3 | Identified the +2 buckler of the Barnacle {+Inv Int+4}
 38907 | Vaults:3 | Found a staircase to the Crypt.
 39467 | Vaults:4 | Received a gift from Trog
 39703 | Vaults:4 | Received a gift from Trog
 40894 | Depths:3 | Received a gift from Trog
 41117 | Depths:3 | Received a gift from Trog
 41355 | Depths:3 | Reached XP level 23. HP: 221/221 MP: 29/29
 41367 | Depths:3 | Found a corrupted altar of Lugonu.
 41413 | Depths:3 | Found a one-way gate leading to the halls of Pandemonium.
 42077 | Depths:4 | Found a one-way gate to the infinite horrors of the Abyss.
 42210 | Depths:4 | Received a gift from Trog
 42313 | Depths:4 | Got an encrusted leather armour
 42359 | Depths:4 | Identified the cursed +0 leather armour "Ledielea" {Regen+
                  | rCorr Stlth+} (You found it on level 4 of the Depths)
 42567 | Depths:4 | Found a gateway to a ziggurat.
 42757 | Depths:4 | Received a gift from Trog
 43630 | D:5      | Bought a scroll of fog for 24 gold pieces
 43630 | D:5      | Bought a scroll of holy word for 90 gold pieces
 43630 | D:5      | Bought a scroll of enchant armour for 90 gold pieces
 43630 | D:5      | Bought 2 scrolls of teleportation for 72 gold pieces
 43630 | D:5      | Bought a scroll of fear for 42 gold pieces
 43630 | D:5      | Bought 3 scrolls of blinking for 270 gold pieces
 43695 | D:5      | Bought a scroll of enchant weapon for 90 gold pieces
 43695 | D:5      | Bought a scroll of teleportation for 36 gold pieces
 43695 | D:5      | Bought a scroll of summoning for 114 gold pieces
 43942 | Orc:2    | Killed bl3nd3r's ghost
 43998 | Elf:1    | Entered Level 1 of the Elven Halls
 44011 | Elf:1    | Received a gift from Trog
 44064 | Elf:1    | Reached XP level 24. HP: 229/233 MP: 9/29
 44142 | Elf:1    | Found Cumol's Antique Armour Shoppe.
 44440 | Elf:1    | Received a gift from Trog
 44635 | Elf:2    | Found a shimmering blue altar of Sif Muna.
 44752 | Elf:2    | Received a gift from Trog
 44913 | Elf:2    | Found a runed translucent gate.
 44913 | Elf:2    | Found a runed translucent gate.
 44913 | Elf:2    | Found a runed translucent gate.
 45023 | Elf:2    | Noticed Nikola
 45047 | Elf:2    | Killed Nikola
 45272 | Elf:3    | Entered Level 3 of the Elven Halls
 45525 | Elf:3    | Received a gift from Trog
 45526 | Elf:3    | Got a shimmering battleaxe {god gift}
 45527 | Elf:3    | Identified the +2 battleaxe of Discord {freeze, rPois rC+
                  | MR+} (Trog gifted it to you on level 3 of the Elven Halls)
 45746 | Elf:3    | Reached skill level 15 in Dodging
 46241 | Elf:3    | Identified the Grimoire of Excruciating Slavery
 46316 | Elf:3    | Identified the +9 hand axe "Giantslayer" {protect, rF+}
 46317 | Elf:3    | Found the +3 giant club "Skullcrusher" {speed, Str+7}
 46347 | Elf:3    | Identified Sif Muna's Catalogue of the Fetching Frostbite
 46371 | Elf:3    | Got a jewelled crystal plate armour
 46372 | Elf:3    | Identified the +5 crystal plate armour of Precision
                  | Catastrophes {MR+} (You found it on level 3 of the Elven
                  | Halls)
 46417 | Elf:3    | Identified the Almanac of Floating Creation
 46762 | Depths:5 | Entered Level 5 of the Depths
 47086 | Depths:5 | Found a runed translucent door.
 47260 | Depths:5 | Found a gate to the Realm of Zot.
 47387 | Depths:5 | Noticed Qanet's ghost (adept TrMo)
 47387 | Depths:5 | Noticed an ancient lich
 47430 | Depths:5 | Found a runed translucent door.
 47650 | Depths:5 | Voluntarily entered the Abyss.
 47724 | Abyss:1  | Gained mutation: Scrolls take you a little longer to read.
                  | [a neqoxec]
 47725 | Abyss:1  | Gained mutation: Scrolls take you longer to read. [a
                  | neqoxec]
 47749 | Abyss:1  | Received a gift from Trog
 47769 | Abyss:1  | Found a stormy altar of Qazlal.
 48175 | Abyss:2  | Received a gift from Trog
 48428 | Abyss:2  | Reached XP level 25. HP: 243/243 MP: 9/29
 48442 | Abyss:2  | Received a gift from Trog
 48862 | Abyss:2  | Lost intelligence.
 48980 | Abyss:3  | Got a brightly glowing flail
 48983 | Abyss:3  | Identified the +5 flail "Riuz Err" {venom, Int+7} (You
                  | found it on level 3 of the Abyss)
 49029 | Abyss:3  | Received a gift from Trog
 49104 | Abyss:3  | Paralysed by accursed screaming for 1 turns
 49275 | Abyss:3  | Received a gift from Trog
 49334 | Abyss:3  | Got an abyssal rune of Zot
 49477 | Depths:5 | Escaped the Abyss
 49514 | Zot:1    | Entered Level 1 of the Realm of Zot
 50241 | Zot:1    | Identified the amulet "Jiomieke" {+Rage +Fly rElec MR++
                  | Int-4} (You acquired it on level 1 of the Realm of Zot)
 50466 | Zot:1    | Got a heavily runed chain mail
 50478 | Zot:1    | Identified the +1 chain mail of Nuedduc {rF- Int+4 Slay+2}
                  | (You found it on level 1 of the Realm of Zot)
 50551 | Zot:1    | Received a gift from Trog
 51584 | Zot:4    | Reached XP level 26. HP: 252/256 MP: 9/29
 51651 | Zot:5    | Entered Level 5 of the Realm of Zot
 52202 | Zot:3    | Received a gift from Trog
 53042 | Zot:5    | Noticed an orb of fire
 53051 | Zot:5    | Noticed an orb of fire
 53060 | Zot:5    | Gained mutation: Your body sometimes deteriorates upon
                  | taking damage. [an orb of fire]
 53070 | Zot:5    | Gained mutation: You are occasionally teleported next to
                  | monsters. [an orb of fire]
 53081 | Zot:5    | Noticed an ancient lich
 53089 | Zot:5    | Gained mutation: Your magical capacity is low. (-10% MP)
                  | [an orb of fire]
 53176 | Zot:5    | Lost mutation: Your magical capacity is low. (-10% MP) [an
                  | orb of fire]
 53198 | Zot:5    | Gained mutation: You tend to lose your temper in combat.
                  | [an orb of fire]
 53200 | Zot:5    | Gained mutation: Your spells are a little easier to cast,
                  | but a little less powerful. [an orb of fire]
 53214 | Zot:5    | Gained mutation: You are frail. (-10% HP) [an orb of fire]
 53216 | Zot:5    | Gained mutation: Your magical capacity is low. (-10% MP)
                  | [an orb of fire]
 53217 | Zot:5    | Noticed an ancient lich
 53218 | Zot:5    | Noticed an ancient lich
 53218 | Zot:5    | Noticed an orb of fire
 53218 | Zot:5    | Noticed an ancient lich
 53219 | Zot:5    | Gained mutation: You are resistant to electric shocks.
                  | (rElec) [an orb of fire]
 53221 | Zot:5    | Gained mutation: Scrolls take you much longer to read. [an
                  | orb of fire]
 53222 | Zot:5    | Killed an ancient lich
 53333 | Zot:5    | Killed an orb of fire
 54005 | Elf:3    | Lost mutation: Your body sometimes deteriorates upon taking
                  | damage. [potion of mutation]
 54005 | Elf:3    | Lost mutation: Scrolls take you much longer to read.
                  | [potion of mutation]
 54005 | Elf:3    | Lost mutation: Your magical capacity is low. (-10% MP)
                  | [potion of mutation]
 54005 | Elf:3    | Lost mutation: Your spells are a little easier to cast, but
                  | a little less powerful. [potion of mutation]
 54005 | Elf:3    | Lost mutation: You are frail. (-10% HP) [potion of
                  | mutation]
 54005 | Elf:3    | Lost mutation: Scrolls take you longer to read. [potion of
                  | mutation]
 54005 | Elf:3    | Gained mutation: Your mind is acute. (Int +2) [potion of
                  | mutation]
 54005 | Elf:3    | Gained mutation: Your spells are a little harder to cast,
                  | but a little more powerful. [potion of mutation]
 54006 | Elf:3    | Lost mutation: You are occasionally teleported next to
                  | monsters. [potion of mutation]
 54006 | Elf:3    | Lost mutation: Scrolls take you a little longer to read.
                  | [potion of mutation]
 54006 | Elf:3    | Lost mutation: Your mind is acute. (Int +2) [potion of
                  | mutation]
 54006 | Elf:3    | Lost mutation: Your spells are a little harder to cast, but
                  | a little more powerful. [potion of mutation]
 54006 | Elf:3    | Lost mutation: You tend to lose your temper in combat.
                  | [potion of mutation]
 54006 | Elf:3    | Gained mutation: You are partially covered in rugged brown
                  | scales. (AC +1, +3% HP) [potion of mutation]
 54006 | Elf:3    | Gained mutation: Your mind is acute. (Int +2) [potion of
                  | mutation]
 54439 | Zot:5    | Noticed an ancient lich
 54470 | Zot:5    | Killed an ancient lich
 54589 | Zot:5    | Gained mutation: You do not regenerate when monsters are
                  | visible. [an orb of fire]
 54616 | Zot:5    | Killed an orb of fire
 54624 | Zot:5    | Killed an ancient lich
 54648 | Zot:4    | Killed an ancient lich
 54871 | Zot:5    | Noticed an ancient lich
 54871 | Zot:5    | Noticed an ancient lich
 54885 | Zot:5    | Lost mutation: Your mind is acute. (Int +2) [an orb of
                  | fire]
 54886 | Zot:5    | Killed an orb of fire
 54886 | Zot:5    | Killed an ancient lich
 54890 | Zot:5    | Killed an ancient lich
 54894 | Zot:5    | Reached XP level 27. HP: 168/277 MP: 9/29
 54930 | Zot:5    | Killed an ancient lich
 55247 | Zot:5    | Got the Orb of Zot
 55651 | D:8      | Lost intelligence.
 55657 | D:7      | Lost mutation: You do not regenerate when monsters are
                  | visible. [potion of mutation]
 55657 | D:7      | Lost mutation: You are partially covered in rugged brown
                  | scales. (AC +1, +3% HP) [potion of mutation]
 55657 | D:7      | Lost mutation: You are resistant to electric shocks.
                  | (rElec) [potion of mutation]
 55657 | D:7      | Gained mutation: You are clumsy. (Dex -2) [potion of
                  | mutation]
 55657 | D:7      | Gained mutation: Your mind is acute. (Int +2) [potion of
                  | mutation]
 55778 | D:4      | Noticed Zuleox the pandemonium lord
 55803 | D:4      | Killed Zuleox the pandemonium lord
 55918 | D:$      | Escaped with the Orb!

Levels and vault maps discovered:
D:1:      lightli_arrival_statue_moat, layout_loops_ring
D:2:      layout_loops_corners, minitemple, minivault_26, minmay_pentomino_s2
D:3:      mumra_celtic_spiral_tile, layout_basic,
          nicolae_dithmenos_through_a_glass_darkly, first_ration
D:4:      layout_basic, hangedman_abyss_or_decor_stabs
D:5:      layout_loops_corners, temple_hall_moat, serial_shops, shop,
          nicolae_shop_crystal, nicolae_shop_statue_plus, shop_statue, shop,
          biasface_ghost_orc_armoury
D:6:      layout_gridville
D:7:      minmay_the_grid_four_pointed_star
          [minmay_the_grid_triangle_9x9_semitri,
          minmay_the_grid_triangle_9x9_from_above,
          minmay_the_grid_triangle_9x9_subtriangle,
          minmay_the_grid_triangle_9x9_thin_v,
          minmay_the_grid_prize_diamond_cup], layout_loops_corners,
          cheibriados_altar_1, basic_altar
D:8:      layout_basic, overflow_temple_1_default, david_lair_generic,
          grunt_ogre_cave, kennysheep_okawaru_gauntlet
D:9:      layout_loops_ring, kennysheep_little_box,
          chequers_serial_rivers_room_a, minmay_statues_item, uniq_harold,
          uniq_erolcha
D:10:     minmay_angry_zag, layout_cave_pods, kennysheep_minor_cross, uniq_sonja
D:11:     layout_rooms
D:12:     layout_stronghold, kennysheep_orc_monster_closet_entryway, serial_ice,
          serial_ice_f, serial_ice_l, serial_ice_a, serial_ice_d, serial_ice_e,
          serial_ice_n
D:13:     layout_long_grid
D:14:     layout_rooms, ximxim_vaults_locker_room, chequers_jeans, uniq_jorgrun
D:15:     hangedman_depths_entry_try_elsewhere_first, layout_rooms,
          elyvilon_altar_4, nicolae_trove_entry_diagonal, uniq_kirke,
          uniq_josephine, uniq_rupert
Lair:1:   layout_layer_cave, lemuel_fruit_tree
Lair:2:   layout_roguey
Lair:3:   layout_cave_pods, shoals_dummy_entry,
          minmay_snake_entry_guardpost_medium, st_stairs_7, grunt_megastairs_3
Lair:4:   layout_cave_shapes, lemuel_oklob_altar
Lair:5:   layout_cave_pods
Lair:6:   evil_forest, layout_cave_pods, slime_dummy, uniq_urug
Shoals:1: layout_shoals, serial_shops,
          nicolae_shop_temple_entry_statues_fountains, st_sunken_huts,
          uniq_louise
Shoals:2: layout_shoals, uniq_roxanne
Shoals:3: layout_shoals, uniq_polyphemus
Shoals:4: shoals_end_simple, layout_shoals
Snake:1:  layout_chambers, st_stairs_12, uniq_agnes
Snake:2:  layout_misc_corridors, portal_ice_cave_entry_pillars_three
Snake:3:  layout_honeycomb, nicolae_snake_lava_pool
Snake:4:  snake_pit, layout_cave_town, basic_altar
Orc:1:    layout_caves, serial_shops, nicolae_shop_crystal
Orc:2:    st_orc_elflike, layout_caves, ebering_ghost_disaster_area,
          serial_shops, shop, basic_altar, uniq_maurice, uniq_donald, uniq_snorg
Elf:1:    elf_arrival_002, layout_loops_ring, serial_shops,
          nicolae_shop_statue_plus, hangedman_elf_represent
Elf:2:    layout_onion_city, basic_altar, lemuel_elevator, uniq_nikola
Elf:3:    elf_hall_gauntlet_wide, layout_loops_cross
Vaults:1: vaults_mumra_chevron, grunt_vaults_bifocal, v_alt_pattern_1,
          ontoclasm_vaults_pinch, v_misc_11, vaults_room_grunt_arrival_ludios,
          vaults_mumra_hex, nicolae_vaults_yaktaur_gun_rack, vaults_room_pools,
          ontoclasm_vaults_ligature, layout_vaults_omnigrid, serial_shops,
          nicolae_shop_trees
Vaults:2: hangedman_vaults_stretched_pinwheel, v_misc_29,
          nicolae_vaults_inception_scallops, v_alt_pattern_5,
          grunt_vaults_focal, hangedman_vaults_variations, v_rooms_2,
          vaults_room_ringed_pool, vaults_room_pools, st_octagons_1,
          ontoclasm_vaults_idyll, vaults_dpeg_spiral, v_rooms_3,
          nicolae_vaults_angled_halls, ontoclasm_vaults_fault, v_misc_30,
          vaults_room_semicircle, layout_vaults_maze, serial_shops, shop,
          uniq_mara
Vaults:3: vaults_dpeg_doors, v_misc_11, vaults_room_door_hall,
          hangedman_vaults_locks, v_alt_pattern_3,
          nicolae_vaults_border_crossing, grunt_vaults_hallway_long, v_misc_18,
          layout_vaults_chaotic_city
Vaults:4: dpeg_vaults_monster_box, v_alt_pattern_6, v_misc_4,
          nicolae_vaults_rhombus_5, v_misc_14, v_misc_11, v_pattern_2,
          vaults_room_boxed, nicolae_vaults_shelves_hall,
          hangedman_vaults_stretched_pinwheel, vaults_dpeg_hooks,
          nicolae_vaults_little_squares_6, vaults_room_octagon,
          nicolae_vaults_specimen_jars, layout_vaults_omnibox
Depths:1: layout_long_grid, minmay_misc_feat_more_columns, serial_shops, shop,
          hell_entry, wad_floor_pattern_1, grunt_ministairs_6,
          hangedman_corner_corridor, serial_bayou_shore_b, uniq_aizul
Depths:2: thingy_vault, layout_basic, kennysheep_small_spiral,
          hangedman_coc_ice_floe, minmay_shop_grove
Depths:3: cheibrodos_birdhouse, layout_gridville, rand_demon_pan_entry_3,
          minmay_misc_feat_alley, pf_vacation_house_of_asmodeus,
          tgw_lugonu_bribe
Depths:4: grunt_bent_corner, layout_cave_shapes, enter_ziggurat_d,
          rand_demon_pan_entry_4, hell_entry, abyss_entry_small_statue_room,
          serial_bayou_pond_a, infiniplex_staircase_pillars_3a,
          serial_bayou_shore_b
Depths:5: evilmike_zot_entry_diamond, layout_cross, abyss_entry_crystal,
          hell_entry, muffindrake_ghost_dual_entry, minmay_misc_feat_roman,
          evilmike_butchery
Zot:1:    nicolae_zot_stationary_front, layout_cathedral_of_symmetry
Zot:2:    layout_cathedral_of_symmetry
Zot:3:    layout_onion
Zot:4:    layout_basic
Zot:5:    layout_basic, lemuel_flame_loot_1

Skill      XL: |  1  2  3  4  5  6  7  8  9 10 11 12 13 14 15 16 17 18 19 20 21 22 23 24 25 26 27 |
---------------+----------------------------------------------------------------------------------+-----
Axes           | 4 5 6 7 8 10 11 12 13 14 16 17 18 19 20 21 22 23 24 | 24.2
Fighting       | 4 5 6 7 9 10 11 13 14 15 16 17 18 19 20 21 22 23 24 26 | 26.7
Armour         | 3 4 5 7 8 10 11 13 14 15 16 18 19 20 | 20.0
Throwing       | 1 5 |  5.1
Dodging        | 3 4 6 8 9 10 12 13 14 15 16 18 | 18.6
Shields        | 6 11 14 15 16 18 20 22 24 25 26 | 26.4
Evocations     | 4 5 8 10 | 10.0

Action                   |  1- 3 |  4- 6 |  7- 9 | 10-12 | 13-15 | 16-18 | 19-21 | 22-24 | 25-27 || total
-------------------------+-------+-------+-------+-------+-------+-------+-------+-------+-------++-------
Melee: Hand axe          |    90 |   145 |   308 |       |       |       |       |       |       ||   543
       Headbutt          |    16 |    28 |    77 |    96 |   257 |   198 |   355 |   505 |   341 ||  1873
       Battleaxe         |       |       |    23 |   360 |   166 |       |       |       |       ||   549
       Eveningstar       |       |       |       |     9 |    26 |       |       |       |       ||    35
       Broad axe         |       |       |       |       |   686 |   776 |  1138 |  1767 |  1168 ||  5535
Throw: Stone             |    27 |    23 |     4 |       |       |       |       |       |       ||    54
       Dart              |     3 |     5 |       |     6 |       |       |       |       |       ||    14
       Boomerang         |       |       |    16 |    83 |    18 |    45 |    21 |       |     2 ||   185
Invok: Trog's Hand       |       |     1 |     5 |     8 |    11 |     4 |     5 |     5 |    14 ||    53
       Berserk           |       |       |     1 |     2 |     3 |     2 |       |       |       ||     8
       Brothers in Arms  |       |       |       |       |     6 |     1 |     3 |     5 |    10 ||    25
Evoke: Wand              |       |       |     4 |     2 |       |       |       |     2 |    11 ||    19
       Fan of gales      |       |       |       |       |       |       |       |       |     1 ||     1
       Sack of spiders   |       |       |       |       |       |       |       |       |     1 ||     1
  Use: Scroll            |       |     4 |     3 |    15 |    18 |    11 |     4 |     9 |    22 ||    86
       Potion            |       |       |       |       |     1 |     4 |     2 |     2 |    41 ||    50
 Stab: Distracted        |       |       |       |       |     3 |       |     1 |     2 |     2 ||     8
  Eat: Chunk             |     2 |     2 |     8 |    37 |    18 |     9 |    23 |    21 |     7 ||   127
       Ration            |       |     1 |     3 |     1 |     6 |     4 |     1 |     6 |    11 ||    33
Armor: Plate armour      |    38 |    78 |   201 |    95 |       |       |       |       |       ||   412
       Chain mail        |       |       |       |   147 |   410 |   182 |   157 |   131 |       ||  1027
       Leather armour    |       |       |       |       |     4 |       |       |       |       ||     4
       Gold dragon scale |       |       |       |       |       |       |       |   119 |   281 ||   400
Dodge: Dodged            |    34 |    42 |   155 |   309 |   597 |   332 |   222 |   294 |   253 ||  2238
Block: Shield            |       |       |       |       |   279 |   534 |   155 |       |   205 ||  1173
       Reflection        |       |       |       |       |    39 |   147 |   100 |   178 |    17 ||   481
       Large shield      |       |       |       |       |       |   146 |   959 |  2132 |  1286 ||  4523
       Buckler           |       |       |       |       |       |       |    74 |       |       ||    74
